 Dungeon Crawl Stone Soup version 0.30.1-9-gdf580d7c3d (webtiles) character file.

Game seed: 18412912733642793659

21 fireball365 the Trooper (level 2, -2/27 HPs)
             Began as a Hill Orc Fighter on Oct 8, 2023.
             Slain by a gnoll
             ... wielding a +0 spear
              (4 damage)
             ... on level 2 of the Dungeon.
             The game lasted 00:02:15 (996 turns).

fireball365 the Trooper (Hill Orc Fighter)           Turns: 996, Time: 00:02:16

Health: -2/27      AC:  6    Str: 18    XL:     2   Next: 83%
Magic:  2/2        EV:  9    Int:  8    God:
Gold:   30         SH:  4    Dex: 10    Spells: 1/1 levels left

rFire   . . .        a - +0 war axe
rCold   . . .        c - +0 buckler
rNeg    . . .        b - +0 scale mail
rPois   .            (no helmet)
rElec   .            (no cloak)
rCorr   .            (no gloves)
SInv    .            (no boots)
Will    .....        (no amulet) Stlth
                     (no ring)
HPRegen 0.24/turn    (no ring)
MPRegen 0.08/turn

%: no passive effects
@: no status effects
A: no striking features
a: no special abilities


You were on level 2 of the Dungeon.
You visited 1 branch of the dungeon, and saw 2 of its levels.

You collected 30 gold pieces.

Inventory:

Hand Weapons
 a - a +0 war axe (weapon)
Missiles
 f - 4 boomerangs of dispersal (quivered)
 i - 7 poisoned darts
 k - 5 javelins
Armour
 b - a +0 scale mail (worn)
 c - a +0 buckler (worn)
Scrolls
 e - 2 scrolls of identify {unknown}
 m - a scroll of fog {unknown}
 n - a scroll of teleportation {unknown}
 o - a scroll of enchant armour {unknown}
Potions
 d - 3 potions of might
 g - 3 potions of curing {unknown}
 h - a potion of degeneration {unknown}
 j - a potion of heal wounds {unknown}
 l - a potion of attraction {unknown}


   Skills:
 + Level 4.0 Fighting
 + Level 2.9 Axes
 + Level 3.6 Armour
 + Level 3.7 Shields


You had one spell level left.
You didn't know any spells.
Your spell library was empty.

Dungeon Overview and Level Annotations

Branches:
Dungeon (2/15)

Altars:

Shops:
D:1 *


Message History

A gnoll comes into view. It is wielding a +0 spear.
The gnoll shouts!
You hear a shout!
You hear an angry hiss.
The gnoll hits you with a +0 club.
You hit the gnoll.
The gnoll is heavily wounded.
The gnoll hits you but does no damage. You block the gnoll's attack.
You hit the gnoll.
The gnoll is heavily wounded.
The gnoll hits you with a +0 club. You block the gnoll's attack.
You hit the gnoll.
The gnoll is almost dead.
The gnoll closely misses you.
A frilled lizard comes into view.
The gnoll hits you with a +0 club. The gnoll barely misses you.
A kobold comes into view. It is wielding a +0 short sword.
The kobold shouts!
You hear an angry hiss.
The gnoll hits you with a +0 club.
An adder comes into view.
The kobold moves out of view.
A bat comes into view.
The bat hits you but does no damage.
The bat is sucked into a shaft!
The shaft crumbles and collapses.
Found a glowing dagger.
The gnoll hits you from afar with a +2 heavy spear.
The gnoll barely misses you. The gnoll hits you but does no damage.
The gnoll barely misses you.
The gnoll hits you with a +2 heavy spear.
You closely miss the gnoll. x3; The gnoll hits you with a +0 club.
* * * LOW HITPOINT WARNING * * *
The gnoll closely misses you. The gnoll barely misses you.
The gnoll closely misses you.
You hit the gnoll.
The gnoll is moderately wounded.
You barely miss the gnoll. You closely miss the gnoll.
The gnoll completely misses you. The gnoll hits you with a +0 club.
* * * LOW HITPOINT WARNING * * *
The gnoll closely misses you. The gnoll barely misses you.
The gnoll closely misses you.
The gnoll hits you from afar with a +0 spear.
You die... .....#.#.... .. . .....#....) .###S. .......... ..... .....#...# gKl.#

....#...#########.#..##
.............#..#.<..
#..#S........#...#
#..gg....>.....#
#.@gK........###
#..g.........##
.....l........<.####.
......................
..#####.#..........(.###
. #..............#
#.....>........#
#..............#
#.............#


You could see 4 gnolls, an adder, a kobold and a frilled lizard.

Vanquished Creatures
  A dart slug (D:1)
  A ball python (D:1)
  2 bats (D:1)
  A giant cockroach (D:1)
  A goblin (D:1)
  3 jackals (D:1)
  2 kobolds (D:1)
  2 quokkas (D:1)
  2 frilled lizards (D:1)
  A rat (D:1)
16 creatures vanquished.

Notes
Turn   | Place    | Note
-------+----------+-------------------------------------------
     0 | D:1      | fireball365 the Hill Orc Fighter began the quest for the
                  | Orb.
     0 | D:1      | Reached XP level 1. HP: 19/19 MP: 1/1
   192 | D:1      | Found Fata's General Store.
   340 | D:1      | Reached XP level 2. HP: 27/27 MP: 2/2
   515 | D:1      | Reached skill level 4 in Fighting
   996 | D:2      | Slain by a gnoll

Illustrated notes

Levels and vault maps discovered:
D:1:      spicycebolla_green_bress_n_ham_2, layout_loops_corners, serial_shops,
          nicolae_shop_crystal, wad_floor_pattern_2
D:2:      cheibrodos_pilgrimage, layout_rooms, serial_shops, shop,
          uniq_crazy_yiuf_cottage, uniq_natasha, uniq_jessica

Skill      XL: |  1  2 |
---------------+-------+-----
Fighting       | 4 |  4.0
Axes           | |  2.9
Armour         | |  3.6
Shields        | |  3.7

Action                     || total
---------------------------++-------
  Melee: War axe           ||    42
 Armour: Scale mail        ||    33
  Dodge: Dodged            ||    38
  Block: Buckler           ||    17
